 Dungeon Crawl Stone Soup version 0.19-a0-860-g5c370dd (webtiles) character file.

28835 HAL9000 the Grappler (level 13, -6/110 HPs)
             Began as a Black Draconian Transmuter on July 2, 2016.
             Was an Elder of Kikubaaqudgha.
             Mangled by an ice dragon (17 damage)
             ... on level 6 of the Lair of Beasts.
             The game lasted 01:02:29 (20627 turns).

HAL9000 the Grappler (Black Draconian Transmuter)  Turns: 20627, Time: 01:02:30

Health: -6/110     AC: 12    Str: 15    XL:     13   Next: 11%
Magic:  17/25      EV: 14    Int: 16    God:    Kikubaaqudgha [****..]
Gold:   1059       SH:  0    Dex: 12    Spells: 8 memorised, 3 levels left

rFire  . . .     SeeInvis .       - Unarmed
rCold  . . .     Gourm    .     (armour unavailable)
rNeg   . . .     Faith    .     (shield currently unavailable)
rPois  +         Spirit   .     (helmet restricted)
rElec  +         Dismiss  .     j - +0 cloak
rCorr  +         Reflect  .     (gloves currently unavailable)
SustAt .         Harm     .     y - +2 pair of boots
MR     .....                    s - amulet of regeneration
Stlth  +.........               h - ring of resist corrosion
                                n - ring of poison resistance

@: blade hands, not resistant to hostile enchantments, very unstealthy
A: breathe lightning, unfitting armour, electricity resistance, cold-blooded, AC
+8
a: Breathe Lightning, End Transformation, Receive Corpses, Renounce Religion


You were on level 6 of the Lair of Beasts.
You worshipped Kikubaaqudgha.
Kikubaaqudgha was greatly pleased with you.
You were not hungry.
You had blades for hands.
You visited 3 branches of the dungeon, and saw 16 of its levels.

You collected 1139 gold pieces.
You spent 80 gold pieces at shops.

Inventory:

Missiles
 a - 31 arrows
 z - 27 tomahawks (quivered)
 E - 2 tomahawks of returning
Armour
 j - a +0 cloak (worn)
 y - a +2 pair of boots (worn)
 S - a +1 pair of gloves (melded)
Rods
 A - a +0 rod of clouds (14/14)
   (You found it on level 1 of the Lair of Beasts)
Jewellery
 h - a ring of resist corrosion (right scythe-like blade)
 n - a ring of poison resistance (left scythe-like blade)
 s - an amulet of regeneration (around neck)
 G - an uncursed ring of positive energy
 H - an uncursed ring of fire
 P - an uncursed ring of ice
Wands
 o - a wand of disintegration (0/24)
 u - a wand of lightning (10/15)
 L - a wand of random effects (17/48)
 M - a wand of iceblast (9/15)
 T - a wand of iceblast (7/15)
 V - a wand of polymorph (10/24)
 Y - a wand of digging (5/24)
Scrolls
 d - 8 scrolls of identify
 e - a scroll of enchant weapon
 f - 3 scrolls of fear
 g - 2 scrolls of magic mapping
 i - 9 scrolls of remove curse
 l - a scroll of torment
 q - 3 scrolls of recharging
 t - 4 scrolls of teleportation
 v - a scroll of silence
 J - 3 scrolls of amnesia
 O - a scroll of fog
 X - 6 scrolls of enchant armour
Potions
 r - a potion of agility
 w - 3 potions of flight
 B - 5 potions of curing
 I - a potion of magic
 K - 2 potions of cancellation
 W - a potion of brilliance
 Z - 2 potions of resistance
Books
 m - Kikubaaqudgha's Almanac of Sinister Arts {god gift}
   (Kikubaaqudgha gifted it to you on level 1 of the Lair of Beasts)

   Spells                             Type                      Level
   a - Animate Dead                   Necromancy                   4
   b - Excruciating Wounds            Charms/Necromancy            5
   c - Bolt of Draining               Conjuration/Necromancy       5
   d - Dispel Undead                  Necromancy                   5
   e - Death Channel                  Necromancy                   6
 F - a book of Transfigurations

   Spells                             Type                      Level
   a - Irradiate                      Conjuration/Transmutation    5
   b - Statue Form                    Transmutation/Earth          6
   c - Hydra Form                     Transmutation                6
   d - Dragon Form                    Transmutation                7
 N - Kikubaaqudgha's Catalogue of Stolen Souls {god gift}
   (Kikubaaqudgha gifted it to you on level 8 of the Dungeon)

   Spells                             Type                      Level
   a - Pain                           Necromancy                   1
   b - Corpse Rot                     Necromancy                   2
   c - Sublimation of Blood           Necromancy                   2
   d - Vampiric Draining              Necromancy                   3
   e - Control Undead                 Necromancy                   4
Miscellaneous
 p - a sack of spiders
Comestibles
 c - 4 bread rations
 k - 4 chunks of flesh
 x - 6 meat rations
 C - a royal jelly
 D - 4 beef jerkies
 Q - a slice of pizza
 U - 17 fruits


   Skills:
 + Level 8.9 Fighting
 - Level 4.0 Throwing
 - Level 5.0 Dodging
 + Level 11.8 Unarmed Combat
 + Level 8.8 Spellcasting
 + Level 9.4 Necromancy
 + Level 10.5 Transmutations


You had 3 spell levels left.
You knew the following spells:

 Your Spells              Type           Power        Failure   Level  Hunger
a - Beastly Appendage     Tmut           #####.       10%         1    None
b - Sticks to Snakes      Tmut           #####...     10%         2    None
c - Spider Form           Tmut/Pois      ###.......   32%         3    #......
d - Ice Form              Ice/Tmut       ###.....     54%         4    ###....
e - Blade Hands           Tmut           #####.....   32%         5    #####..
f - Animate Dead          Necr           N/A          21%         4    ###....
g - Vampiric Draining     Necr           #####.....   14%         3    #......
U - Control Undead        Necr           #####.....   21%         4    ###....


Dungeon Overview and Level Annotations

Branches:
Dungeon (9/15)             Temple (1/1) D:4            Lair (6/6) D:9
  Swamp (0/4) Lair:4        Snake (0/4) Lair:4        Slime (0/5) Lair:5
    Orc (0/2) D:9

Altars:
Ashenzari
Cheibriados
Dithmenos
Elyvilon
Fedhas
Gozag
Hepliaklqana
Kikubaaqudgha
Makhleb
Nemelex Xobeh
Okawaru
Pakellas
Qazlal
Ru
Sif Muna
Trog
Uskayaw
Vehumet
Xom
Yredelemnul
Zin
The Shining One

Shops:
D:5 %   D:8 !

Annotations:
Lair:5 exclusion: 3 oklob plants


Innate Abilities, Weirdness & Mutations

You can breathe wild blasts of lightning.
Your glossy black scales are hard. (AC +8)
Your body does not fit into most forms of armour.
You are resistant to electric shocks. (rElec)
You are cold-blooded and may be slowed by cold attacks.


Message History

Your ball python closely misses the ice dragon.
Your adder bites the ice dragon.
The ice dragon bites your adder but does no damage.
The ice dragon closely misses your adder.
The ice dragon barely misses your adder.
The yak closely misses your adder.
A yak comes into view.
Unknown command.
As you read the scroll of fear, it crumbles to dust.
You assume a fearsome visage.
Your crocodile zombie is unaffected.
Your water moccasin zombie is unaffected.
The ice dragon looks frightened!
The yak looks frightened! x4
Your water moccasin zombie bites the ice dragon.
Your adder bites the ice dragon.
Your ball python bites the ice dragon but does no damage.
Your ball python's attack snaps the ice dragon out of its fear.
The ice dragon bites you!
You die...
Kikubaaqudgha rasps: "You have failed me!
Welcome... death!"

#..##.....##
#..##......#..Y..#.# ...
...# ...........Y.. ...#
#..# #....#...Y..#.#...##
#..# #....##......#.......
#P.###...# #...........#...
......P..###P...Y.......#..
...............DS..........
..............SZ@..........
#................?.........
##..##...##.#..............
#P.####### ###..P.#Z..###.
#..## #...##.##### ##..# ##
##..P###.##.# .. #..# #...
P....#..Z...##.. #.##
#..........##....##....
##.##
#...#.#...###..........


You could see an ice dragon, 4 yaks, a friendly adder, a friendly water moccasin
zombie, a friendly crocodile zombie and a friendly ball python.

Vanquished Creatures
  A hydra (Lair:3)
  5 death yaks
  Pikel (D:6)
  A griffon (Lair:5)
  An oklob plant (Lair:3)
  A faun (Lair:5)
  A black mamba (Lair:5)
  11 elephants
  6 spiny frogs
  A rime drake (Lair:3)
  A two-headed ogre (D:9)
  4 blink frogs
  A boulder beetle (Lair:3)
  A wyvern (D:8)
  25 yaks
  The ghost of HAL9000 the Changer, an amateur DrTm (D:4)
  A basilisk (Lair:5)
  9 hippogriffs
  7 water moccasins
  7 porcupines
  2 swamp drakes (D:9)
  5 orc warriors
  A necrophage (D:9)
  4 ogres
  A centaur (D:5)
  17 wolves
  12 crocodiles
  7 giant frogs
  A wyvern skeleton (D:6)
  4 scorpions
  5 killer bees (D:9)
  3 wights (D:9)
  2 howler monkeys
  2 crimson imps
  2 giant frog zombies
  2 hounds
  A giant frog skeleton (D:7)
  3 jellies
  5 orc priests
  6 orc wizards
  9 iguanas
  3 worker ants
  22 sheep
  A hound zombie (D:5)
  A howler monkey skeleton (D:5)
  14 adders
  6 gnolls (D:4)
  66 river rats
  A shadow imp (D:5)
  A white imp (Lair:6)
  4 oozes
  An adder zombie (D:8)
  2 adder skeletons
  3 worms
  A dart slug (D:4)
  4 giant geckos
  33 orcs
  6 bats
  4 giant cockroaches
  5 goblins
  7 hobgoblins
  12 jackals
  5 quokkas
  A ball python (D:1)
  2 giant newts
  7 kobolds
  9 rats
  2 fungi (D:6)
403 creatures vanquished.

Vanquished Creatures (collateral kills)
  3 hydras
  3 spiny frogs
  A komodo dragon (Lair:5)
  A rime drake (Lair:4)
  5 blink frogs
  Prince Ribbit (D:9)
  A yak (Lair:6)
  2 porcupines
  5 water moccasins
  A sky beast (D:5)
  7 wolves
  An ogre (D:5)
  3 crocodiles
  A centaur (D:7)
  2 giant frogs
  A wight (D:9)
  A howler monkey (D:5)
  A crimson imp (D:8)
  A centaur zombie (D:7)
  A hound (D:7)
  An orc wizard (D:5)
  2 iguanas
  8 sheep
  2 adders
  4 river rats (Lair:3)
  A giant gecko (D:2)
  5 orcs
  2 bats (D:6)
  2 bushes
  2 fungi
  A plant (Lair:6)
72 creatures vanquished.

Vanquished Creatures (others)
  A scorpion (D:6)
  2 bats (D:6)
  10 fungi
  11 plants
24 creatures vanquished.

Grand Total: 499 creatures vanquished

Notes
Turn   | Place    | Note
-------+----------+-------------------------------------------
     0 | D:1      | HAL9000 the Draconian Transmuter began the quest for the Orb.
     0 | D:1      | Reached XP level 1. HP: 16/16 MP: 3/3
   265 | D:1      | Reached XP level 2. HP: 18/23 MP: 5/5
  1101 | D:2      | Learned a level 2 spell: Sticks to Snakes
  1140 | D:2      | Reached XP level 3. HP: 24/28 MP: 3/6
  1998 | D:3      | Reached XP level 4. HP: 19/36 MP: 4/7
  2281 | D:3      | Learned a level 3 spell: Spider Form
  3015 | D:3      | Found a glowing golden altar of the Shining One.
  3017 | D:3      | Noticed an angel
  3032 | D:3      | Found a basalt altar of Yredelemnul.
  3042 | D:3      | Noticed a profane servitor
  3566 | D:4      | Noticed HAL9000's ghost (amateur DrTm)
  3583 | D:4      | Reached skill level 8 in Unarmed Combat
  3583 | D:4      | Reached XP level 5. HP: 23/42 MP: 1/8
  3606 | D:4      | Killed HAL9000's ghost
  3606 | D:4      | Reached skill level 9 in Unarmed Combat
  3606 | D:4      | Reached XP level 6. HP: 38/50 MP: 2/9
  3632 | D:4      | Learned a level 4 spell: Ice Form
  3773 | D:4      | Your scales start taking on a glossy black colour.
  3773 | D:4      | Reached XP level 7. HP: 57/57 MP: 6/11
  3773 | D:4      | Gained mutation: You are resistant to electric shocks. (rElec) [Black Draconian growth]
  3882 | D:4      | Found a snail-covered altar of Cheibriados.
  3884 | D:4      | Found an iron altar of Okawaru.
  3989 | D:4      | Found a staircase to the Ecumenical Temple.
  4127 | Temple   | Entered the Ecumenical Temple
  4224 | Temple   | Became a worshipper of Kikubaaqudgha
  4440 | D:5      | Entered Level 5 of the Dungeon
  4652 | D:5      | Reached skill level 1 in Throwing
  4943 | D:5      | Found Bysm's Food Shop.
  5382 | D:5      | Reached XP level 8. HP: 35/66 MP: 13/13
  5982 | D:6      | Noticed Pikel
  5994 | D:6      | Killed Pikel
  5994 | D:6      | Reached skill level 5 in Fighting
  6177 | D:6      | Learned a level 5 spell: Blade Hands
  6802 | D:7      | Reached XP level 9. HP: 69/74 MP: 7/15
  6918 | D:7      | HP: 3/75 [orc priest/club (1)]
  7288 | D:7      | HP: 2/75 [bounced beam (5)]
  7879 | D:7      | Reached skill level 5 in Spellcasting
  7968 | D:8      | Reached * piety under Kikubaaqudgha
  7968 | D:8      | Received a gift from Kikubaaqudgha
  7975 | D:8      | Identified Kikubaaqudgha's Catalogue of Stolen Souls {god gift} (Kikubaaqudgha gifted it to you on level 8 of the Dungeon)
  7990 | D:8      | Found Fautyguh's Distillery.
  8031 | D:8      | Bought a potion of curing for 30 gold pieces
  8031 | D:8      | Bought a potion of heal wounds for 50 gold pieces
  8138 | D:8      | Found a stormy altar of Qazlal.
  8305 | D:8      | Found a shattered altar of Ashenzari.
  8937 | D:9      | Reached skill level 1 in Necromancy
  9685 | D:9      | Reached XP level 10. HP: 58/83 MP: 7/18
  9892 | D:9      | Found a staircase to the Lair.
  9917 | D:9      | Learned a level 4 spell: Control Undead
 10499 | D:9      | Noticed Prince Ribbit
 10532 | D:9      | Reached ** piety under Kikubaaqudgha
 10551 | D:9      | Killed Prince Ribbit
 10730 | D:9      | Found a staircase to the Orcish Mines.
 11606 | Lair:1   | Entered Level 1 of the Lair of Beasts
 12086 | Lair:1   | Identified a +0 rod of clouds (14/14) (You found it on level 1 of the Lair of Beasts)
 12119 | Lair:1   | Reached skill level 5 in Necromancy
 12597 | Lair:1   | Noticed a spiny frog
 12605 | Lair:1   | Killed a spiny frog
 12891 | Lair:1   | Reached skill level 10 in Unarmed Combat
 13071 | Lair:1   | Noticed a spiny frog
 13072 | Lair:1   | Noticed a spiny frog
 13084 | Lair:1   | Killed a spiny frog
 13088 | Lair:1   | Killed a spiny frog
 13513 | Lair:1   | Reached XP level 11. HP: 77/89 MP: 20/20
 13582 | Lair:1   | Reached *** piety under Kikubaaqudgha
 13582 | Lair:1   | Received a gift from Kikubaaqudgha
 13588 | Lair:1   | Identified Kikubaaqudgha's Almanac of Sinister Arts {god gift} (Kikubaaqudgha gifted it to you on level 1 of the Lair of Beasts)
 13801 | Lair:1   | Learned a level 4 spell: Animate Dead
 14421 | Lair:2   | Noticed a five-headed hydra
 14435 | Lair:2   | Killed a five-headed hydra
 14582 | Lair:2   | Reached skill level 5 in Dodging
 15883 | Lair:3   | Reached **** piety under Kikubaaqudgha
 16027 | Lair:3   | Noticed a five-headed hydra
 16285 | Lair:3   | Noticed a seven-headed hydra
 16300 | Lair:3   | Killed a seven-headed hydra
 16300 | Lair:3   | Reached XP level 12. HP: 80/100 MP: 4/23
 16409 | Lair:3   | Killed a five-headed hydra
 16409 | Lair:3   | Reached skill level 11 in Unarmed Combat
 16650 | Lair:3   | Learned a level 3 spell: Vampiric Draining
 17047 | Lair:4   | Found a staircase to the Snake Pit.
 17170 | Lair:4   | Noticed a seven-headed hydra
 17177 | Lair:4   | Killed a seven-headed hydra
 17315 | Lair:4   | Found a staircase to the Swamp.
 17396 | Lair:4   | Noticed a death yak
 17419 | Lair:4   | Killed a death yak
 18112 | Lair:4   | Reached skill level 10 in Transmutations
 19546 | Lair:5   | Found a staircase to the Slime Pits.
 19752 | Lair:6   | Entered Level 6 of the Lair of Beasts
 19995 | Lair:6   | Noticed a death yak
 19997 | Lair:6   | Noticed a death yak
 20014 | Lair:6   | Killed a death yak
 20044 | Lair:6   | Noticed a death yak
 20048 | Lair:6   | Killed a death yak
 20048 | Lair:6   | Reached XP level 13. HP: 51/108 MP: 8/25
 20627 | Lair:6   | Mangled by an ice dragon

Vault maps used:
D:1:      lightli_iron_boxes, serial_forest, infiniplex_forest_straight_4,
          infiniplex_forest_lined_3_way, infiniplex_forest_lined_3,
          infiniplex_forest_lined_3_way, infiniplex_forest_clump_curved,
          infiniplex_forest_straight_3, infiniplex_forest_clump_double,
          serial_bayou_lagoon_a
D:3:      grunt_temple_overflow_holy_war, first_bread
D:4:      grunt_temple_overflow_open, hangedman_abyss_or_decor_passed
D:5:      serial_shops, shop, kennysheep_generic_room_3
D:6:      old_forge, uniq_pikel
D:8:      nicolae_ashenzari_panopticon, lemuel_coloured_pillars_altar,
          serial_shops, nicolae_shop_window_shopping
D:9:      erik_lair_dragon, erik_orc_1, uniq_prince_ribbit1
Temple:   regret_index_temple_sphere_string
Lair:1:   beast_lair_carwin_3
Lair:2:   grunt_megastairs_3
Lair:3:   hangedman_lair_generics_rect
Lair:4:   swamp_mist_pool, dummy_snake_entry, beast_lair_carwin_8
Lair:5:   minmay_slime_entry_oklob_enclosed, grunt_forest_large_clearings,
          infiniplex_staircase_pool_2, grunt_megastairs_2
Lair:6:   grunt_lair_end_beastmaster, minivault_27, bobbens_ice_dragon_lair

Skill      XL: |  1  2  3  4  5  6  7  8  9 10 11 12 |
---------------+-------------------------------------+-----
Transmutations | 3 8 9 10 | 10.5
Fighting       | 2 3 4 5 6 7 8 |  8.9
Unarmed Combat | 8 9 10 11 | 11.8
Spellcasting   | 3 4 5 6 7 8 |  8.8
Throwing       | 2 3 4 |  4.0
Dodging        | 2 4 5 |  5.0
Necromancy     | 3 5 8 9 |  9.4

Action                   |  1- 3 |  4- 6 |  7- 9 | 10-12 | 13-15 || total
-------------------------+-------+-------+-------+-------+-------++-------
Melee: Unarmed           |   121 |   151 |   365 |   937 |    54 ||  1628
       Tailslap          |    15 |    13 |    29 |   106 |     8 ||   171
       Headbutt          |    13 |    10 |    30 |    15 |       ||    68
       Kick              |     6 |       |       |       |       ||     6
       Punch             |     2 |     3 |    10 |    37 |     3 ||    55
Throw: Tomahawk          |       |       |     7 |     4 |       ||    11
 Cast: Beastly Appendage |    22 |    12 |    22 |    14 |       ||    70
       Sticks to Snakes  |     5 |     5 |    39 |   108 |    10 ||   167
       Spider Form       |       |     3 |     7 |     3 |       ||    13
       Blade Hands       |       |       |     1 |    30 |     5 ||    36
       Ice Form          |       |       |     1 |     7 |       ||     8
       Animate Dead      |       |       |       |    25 |     7 ||    32
Invok: Receive Corpses   |       |       |       |    10 |     1 ||    11
 Abil: End Transformatio |       |       |     3 |     4 |       ||     7
       Breathe Lightning |       |       |     4 |     3 |       ||     7
Evoke: Rod               |       |       |       |     1 |       ||     1
       Wand              |       |       |       |     5 |       ||     5
  Use: Potion            |       |     4 |     2 |     2 |     1 ||     9
       Scroll            |       |     2 |    17 |     7 |     1 ||    27
 Stab: Distracted        |       |     1 |       |    15 |     3 ||    19
       Sleeping          |       |     1 |       |       |       ||     1
  Eat: Chunk             |     3 |     3 |    19 |    44 |     4 ||    73
       Meat ration       |       |     1 |       |       |       ||     1
       Fruit             |       |       |     1 |     9 |       ||    10
       Pizza             |       |       |     1 |       |       ||     1
       Royal jelly       |       |       |       |     1 |       ||     1
Armor: Skin              |    17 |    49 |   109 |   322 |    17 ||   514
Dodge: Dodged            |    64 |    99 |   216 |   698 |    54 ||  1131
